 Dungeon Crawl Stone Soup version 0.29-a0-214-g17f627cfee (webtiles) character file.

Game seed: 1918499436101266417

165 mcwallace the Caller (level 5, -2/31 HPs)
             Began as a Tengu Summoner on Feb 24, 2022.
             Killed by divine providence
             ... invoked by an orc priest
              (8 damage)
             ... on level 4 of the Dungeon.
             The game lasted 00:08:03 (3893 turns).

mcwallace the Caller (Tengu Summoner)               Turns: 3893, Time: 00:08:04

Health: -2/31      AC:  2    Str:  9    XL:     5   Next: 46%
Magic:  10/10      EV: 16    Int: 15    God:
Gold:   148        SH:  0    Dex: 16    Spells: 6/10 levels left

rFire   . . .      SeeInvis .   l - +1 rapier (venom) {short}
rCold   . . .      Faith    .   (no shield)
rNeg    + . .      Spirit   .   a - +0 robe
rPois   .          Reflect  .   (helmet restricted)
rElec   .          Harm     .   (no cloak)
rCorr   .          Rampage  .   (no gloves)
Will    .....                   (boots unavailable)
Stlth   +.........              (no amulet)
HPRegen 0.10/turn               i - ring of wizardry
MPRegen 0.12/turn               m - ring of positive energy

@: confused, flying quickly and evasively, quick
A: beak, talons 3, nimble flight
a: no special abilities


You were on level 4 of the Dungeon.
You visited 1 branch of the dungeon, and saw 4 of its levels.

You collected 148 gold pieces.


Innate Abilities, Weirdness & Mutations

You have a beak for a mouth.
You have claws for feet.
Your magical nature lets you fly swiftly and evasively.


   Skills:
 + Level 2.3 Fighting
 + Level 3.4 Dodging
 - Level 2.0 Stealth
 + Level 3.0 Spellcasting
 + Level 5.7 Summonings


You had 6 spell levels left.
You knew the following spells:

 Your Spells              Type           Power      Damage    Failure   Level
a - Summon Small Mammal   Summ           76%        N/A       1%          1
b - Call Canine Familiar  Summ           19%        N/A       2%          3

Your spell library contained the following spells:

 Spells                   Type           Power      Damage    Failure   Level
 Call Imp                 Summ           19%        N/A       1%          2
 Summon Guardian Golem    Hex/Summ       10%        N/A       8%          3
 Beastly Appendage        Tmut           4%         N/A       9%          1
 Wereblood                Tmut           2%         N/A       12%         2
 Spider Form              Tmut/Pois      2%         N/A       24%         3
 Tukima's Dance           Hex            2%         N/A       24%         3
 Summon Lightning Spire   Summ/Air       10%        N/A       24%         4
 Passage of Golubria      Tloc           2%         N/A       58%         4
 Yara's Violent Unravell  Hex/Tmut       1%         3d3       89%         5

Inventory:

Hand Weapons
 b - a +0 short sword {short}
   (You found it on level 1 of the Dungeon)
 l - a +1 rapier of venom (weapon) {short}
   (You found it on level 3 of the Dungeon)
 n - a +0 dagger of venom {short}
   (You took it off a goblin on level 3 of the Dungeon)
Missiles
 g - 72 stones {throwing}
 p - 8 poisoned darts {throwing}
Armour
 a - a +0 robe (worn)
 o - a +0 chain mail
   (You found it on level 3 of the Dungeon)
 q - a +0 ring mail
   (You took it off a kobold on level 3 of the Dungeon)
 s - a +0 animal skin
   (You took it off Robin on level 3 of the Dungeon)
 v - a +0 robe
   (You found it on level 4 of the Dungeon)
Jewellery
 i - a ring of wizardry (left hand)
   (You found it on level 2 of the Dungeon)
 m - a ring of positive energy (right hand)
   (You took it off a goblin on level 3 of the Dungeon)
Scrolls
 c - 4 scrolls of identify {unknown}
 d - a scroll of holy word {unknown}
 j - a scroll of blinking {unknown}
 k - 2 scrolls of enchant armour {unknown}
Potions
 e - a potion of curing {@q1}
 f - a potion of cancellation {unknown}
 h - a potion of haste {unknown}
 r - a potion of heal wounds {unknown}
 t - a potion of lignification {unknown}
 u - a potion of mutation {unknown}

Dungeon Overview and Level Annotations

Branches:
Dungeon (4/15)
 Temple: D:4-7

Altars:
Ru

#.......#
#.#####.##### ###.#
#.......#### ##.#.#
#.#........##
##....###.#.........#
..........#..##..#..#
##...........###.# #
##.########.# #.# #.#
#.# #@# #.#
#....o†..# #+#
#####.#### #.# #o#
#.# #.# ...


You could see an orc priest and an orc wizard (extremely poisoned).


Message History

You swap places.
You see here a giant cockroach corpse.
You swap places.
Your hound disappears in a puff of smoke!
An adder comes into view. 😎 MP[+2]
Your mp is fully restored (10).
An adder is nearby! 😎 MP[-3]
You lost 3 mp, and now have 7/10 mp.
What are your orders? t - Shout!
Orders for allies: a - Attack new target. r - Retreat! s - Stop attacking. g - Guard the area. f - Follow me.
Anything else - Cancel.
Gang up on whom?
Press: ? - help, Dir - move target, f - adder
Aim: an adder (asleep, ally target) Attack!
The adder hisses angrily.
You barely miss the adder. Your kick misses the adder.
Your peck misses the adder.
Your hound bites the adder.
The adder bites you.
You are poisoned.
The adder poisons you!
Your hound completely misses the adder. 😕 HP[-3]
You take 3 damage, and now have 27/30 hp.
You hit the adder.
The adder is poisoned.
Your kick misses the adder. You peck the adder, but do no damage.
You feel sick. The adder barely misses you.
Your hound closely misses the adder.
The adder closely misses you.
Your hound closely misses the adder. 😕 HP[-2]
You take 2 damage, and now have 25/30 hp.
You hit the adder.
You kill the adder!
You feel sick.
Your Spellcasting skill increases to level 3!
You now have 31 max hp (+1).
You feel sick.
You are no longer poisoned.
You now have 148 gold pieces (gained 7).
You swap places.
v - a +0 robe A jackal and an orc wizard come into view.
The orc wizard is wielding a +0 dagger of electrocution.
The orc wizard shouts!
You hear a shout! x2
A jackal comes into view. 😎 HP[+6] MP[+3]
Your hp is fully restored (31).
Your mp is fully restored (10).
You swap places.
The jackal misses your hound. The jackal bites your hound.
What are your orders? t - Shout!
Orders for allies: a - Attack new target. r - Retreat! s - Stop attacking. g - Guard the area. f - Follow me.
Anything else - Cancel.
Gang up on whom?
Press: ? - help, Dir - move target, f - jackal
Aim: a jackal (ally target) Attack!
Your hound closely misses the jackal.
The jackal bites your hound but does no damage.
Your hound misses the jackal.
A jackal comes into view.
The jackal closely misses your hound.
Your hound bites the jackal.
The jackal dies!
You hit the jackal.
You kill the jackal!
Your hound closely misses the jackal.
The orc wizard casts a spell at you. The magic dart hits your hound.
The jackal closely misses your hound.
Your hound barely misses the orc wizard.
You hit the jackal.
The jackal is poisoned.
You peck the jackal.
You kill the jackal!
Your hound misses the orc wizard. The orc wizard casts a spell at you.
The magic dart hits your hound.
Your hound barely misses the orc wizard.
The orc wizard hits your hound with a +0 dagger of electrocution.
Lightning courses through your hound!
Your hound dies!
Your hound's corpse disappears in a puff of smoke!
An orc priest comes into view.
It is wielding a +1 trident of protection.
You see here a jackal corpse.
You hit the orc wizard.
The orc wizard is poisoned.
You claw the orc wizard. The orc wizard casts a spell at you.
You are confused.
You barely miss the orc wizard. Your kick misses the orc wizard.
The orc wizard hits you with a +0 dagger of electrocution. 😕 HP[-1]
You take 1 damage, and now have 30/31 hp.
You hit the orc wizard but do no damage.
The orc wizard looks as sick as possible!
Your kick misses the orc wizard. Your peck misses the orc wizard.
The orc wizard hits you with a +0 dagger of electrocution.
You are electrocuted!!
Ouch! That really hurt!
* * * LOW HITPOINT WARNING * * *
The orc priest invokes the aid of Beogh against you.
Beogh smites you!
You die...

Skill      XL: |  1  2  3  4  5 |
---------------+----------------+-----
Summonings     | 5 |  5.7
Fighting       | 1 2 |  2.3
Dodging        | 3 |  3.4
Spellcasting   | 3 |  3.0
Stealth        | |  2.0

Action                   |  1- 3 |  4- 6 || total
-------------------------+-------+-------++-------
Melee: Short sword       |    17 |     7 ||    24
       Kick              |     2 |     5 ||     7
       Peck              |     3 |     6 ||     9
       Rapier            |       |    23 ||    23
 Cast: Summon Small Mamm |    33 |     2 ||    35
       Call Canine Famil |     4 |    16 ||    20
 Stab: Paralysed         |       |     1 ||     1
Armor: Robe              |     5 |     4 ||     9
Dodge: Dodged            |    15 |    24 ||    39

Levels and vault maps discovered:
D:1:      lemuel_arrival_rhombus, layout_loops_ring
D:2:      layout_loops_ring
D:3:      layout_basic, nicolae_ru_great_annihilating_truth,
          shapermc_ecumenical_altar_mp_highgroup, uniq_robin
D:4:      layout_loops_corners

Notes
Turn   | Place    | Note
-------+----------+-------------------------------------------
     0 | D:1      | mcwallace the Tengu Summoner began the quest for the Orb.
     0 | D:1      | Reached XP level 1. HP: 10/10 MP: 4/4
     0 | D:1      | magus.rc [v1.9.6]
   179 | D:1      | Reached XP level 2. HP: 16/16 MP: 3/6
   223 | D:1      | Reached skill level 5 in Summonings
   396 | D:1      | You pick up a book of Changes and begin reading...
   396 | D:1      | You add the spells Beastly Appendage, Wereblood and Spider
                  | Form to your library.
   576 | D:1      | You add the spells Tukima's Dance, Passage of Golubria and
                  | Yara's Violent Unravelling to your library.
   592 | D:1      | Reached skill level 1 in Fighting
  1260 | D:2      | Reached XP level 3. HP: 20/20 MP: 4/7
  1448 | D:2      | Learned a level 3 spell: Call Canine Familiar
  1474 | D:2      | HP: 2/20 [gnoll/+0 flail (11)]
  1798 | D:2      | Reached XP level 4. HP: 25/25 MP: 4/8
  2089 | D:2      | Reached skill level 3 in Dodging
  2436 | D:3      | Noticed Robin
  2448 | D:3      | HP: 2/26 [goblin/+0 dagger[Robin] (6)]
  2451 | D:3      | Reached skill level 2 in Fighting
  2922 | D:3      | Found a faded altar of an unknown god.
  3149 | D:3      | Killed Robin
  3150 | D:3      | Gained mutation: Your magical nature lets you fly swiftly
                  | and evasively. [Tengu growth]
  3150 | D:3      | Reached XP level 5. HP: 26/30 MP: 6/10
  3370 | D:3      | Found a sacrificial altar of Ru.
  3802 | D:4      | Reached skill level 3 in Spellcasting
  3893 | D:4      | HP: 6/31 [orc wizard/+0 dagger of electrocution (20)]
  3893 | D:4      | Killed from afar by an orc priest

Vanquished Creatures
  Robin (D:3)
  2 adders
  A giant cockroach (D:3)
  5 goblins
  A hobgoblin (D:1)
  2 jackals (D:4)
  A quokka (D:1)
  2 ball pythons (D:3)
  3 bats
  A kobold (D:1)
  A rat (D:1)
20 creatures vanquished.

Vanquished Creatures (collateral kills)
  3 gnolls
  4 adders
  2 dart slugs
  3 ball pythons
  3 bats
  5 endoplasms
  4 giant cockroaches
  7 goblins
  3 hobgoblins
  A jackal (D:4)
  4 kobolds
  A quokka (D:3)
  2 frilled lizards
  2 rats
44 creatures vanquished.

Grand Total: 64 creatures vanquished

Table legend:
 A = Non-vault XP
 B = Vault XP
 C = Vault XP percentage of total XP
 D = Non-vault monster count
 E = Vault monster count
 F = Vault count percentage of total count
                 A         B        C        D         E       F
            +---------+---------+-------+---------+---------+-------
      Total |     185 |      52 |  21.9 |      49 |      15 |  23.4
            +---------+---------+-------+---------+---------+-------
        D:1 |      28 |       0 |   0.0 |      16 |       0 |   0.0
        D:2 |      71 |       0 |   0.0 |      12 |       0 |   0.0
        D:3 |      63 |      52 |  45.2 |      15 |      15 |  50.0
        D:4 |      23 |       0 |   0.0 |       6 |       0 |   0.0
            +---------+---------+-------+---------+---------+-------

Illustrated notes

Table legend:
 A = Kills in this place as a percentage of kills in entire the game.
 B = Kills by you in this place as a percentage of kills by you in the entire game.
 C = Kills by friends in this place as a percentage of kills by friends in the entire game.
 D = Other kills in this place as a percentage of other kills in the entire game.
 E = Experience gained in this place as a percentage of experience gained in the entire game.
 F = Experience gained in this place divided by the number of levels of this place that you have seen.
                   A       B       C       D       E      F
               +-------+-------+-------+-------+-------+----------------------
         Total | 100.0 | 100.0 | 100.0 |   N/A | 100.0 |  59.2
       Dungeon | 100.0 | 100.0 | 100.0 |   N/A | 100.0 |  59.2
               +-------+-------+-------+-------+-------+----------------------

Table legend: (Time is in decaauts)
 A = Elapsed time spent in this place.
 B = Non-inter-level travel time spent in this place.
 C = Inter-level travel time spent in this place.
 D = Time resting spent in this place.
 E = Time spent auto-exploring this place.
 F = Levels seen in this place.
 G = Mean time per level.
                   A        B        C        D        E       F      G
               +--------+--------+--------+--------+--------+-----+--------+
         Total |   3857 |   3758 |     99 |    620 |   2474 |   4 |  964.2 |
       Dungeon |   3857 |   3758 |     99 |    620 |   2474 |   4 |  964.2 |
               +--------+--------+--------+--------+--------+-----+--------+

Top non-repeatable levels by time:
     D:1: 1332 daAuts
     D:2: 1329 daAuts
     D:3: 1009 daAuts
     D:4: 186 daAuts
